 Dungeon Crawl Stone Soup version 0.20.1-1-g8b1a95d66d (webtiles) character file.

6681 NullDivider the Fighter (level 10, -6/47 HPs)
             Began as a Felid Berserker on Oct 27, 2017.
             Was a High Priest of Trog.
             Mangled by an orc
             ... wielding a +0 flail
              (9 damage)
             ... on level 1 of the Orcish Mines on Nov 14, 2017.
             The game lasted 02:33:55 (16985 turns).

NullDivider the Fighter (Felid Berserker)          Turns: 16985, Time: 02:33:56

Health: -6/47      AC:  2    Str: 18    XL:     10   Next: 73%
Magic:  0/10       EV: 35    Int:  9    God:    Trog [*****.]
Gold:   559        SH:  0    Dex: 19    Spells: 9/9 levels left
                                        Lives:  0   Deaths: 3

rFire    . . .     SeeInvis +     - Unarmed
rCold    . . .     Gourm    .   (shield unavailable)
rNeg     . . .     Faith    .   (armour unavailable)
rPois    .         Spirit   +   (helmet unavailable)
rElec    .         Reflect  .   (cloak unavailable)
rCorr    .         Harm     .   (gloves unavailable)
MR       +....     Rnd*Rage +   (boots unavailable) Stlth +++++.....Rnd*Tele +
                                s - amulet of guardian spirit
Regen    0.2/turn               A - +6 ring of evasion
MPRegen  0.2/turn               (no ring)

@: mighty, berserk cooldown, slowed, slow
A: no armour, no weapons or thrown items, stealth, claws 1, fangs 3, see
invisible, berserk 1, carnivore 3, speed 1, frail 1, low mp 1, screaming 1,
shaggy fur 2, slow metabolism 1, teleportitis 1, wild magic 1, sharp paws
a: Berserk, Trog's Hand, Brothers in Arms, Burn Spellbooks, Renounce Religion


You were on level 1 of the Orcish Mines.
You worshipped Trog.
Trog was extremely pleased with you.
You were very full.

You visited 2 branches of the dungeon, and saw 14 of its levels.

You collected 838 gold pieces.
You spent 279 gold pieces at shops.

Inventory:

Jewellery
 s - an amulet of guardian spirit (around neck)
 A - a +6 ring of evasion (left paw)
Wands
 o - a wand of polymorph (10/24)
 r - a wand of confusion (27/48)
 u - a wand of enslavement (21/24)
 x - a wand of flame (25/48)
 z - a wand of confusion (19/48)
 C - a wand of clouds (4/9)
Scrolls
 b - a scroll of enchant weapon {unknown}
 c - a scroll of fear
 f - a scroll of brand weapon {unknown}
 h - 6 scrolls of remove curse
 i - 2 scrolls of immolation
 m - 2 scrolls of recharging
 q - a scroll of magic mapping {unknown}
 t - 5 scrolls of teleportation
 v - a scroll of vulnerability {unknown}
 y - 4 scrolls of identify
 B - 2 scrolls of fog
 F - a scroll of blinking {unknown}
Potions
 d - a potion of brilliance {unknown}
 e - a potion of invisibility {unknown}
 g - a potion of berserk rage {unknown}
 j - 3 potions of flight
 k - a potion of magic {unknown}
 l - 2 potions of curing {unknown}
 w - a potion of cancellation {unknown}
 G - 2 potions of agility
Comestibles
 a - 9 meat rations
 n - 6 royal jellies


   Skills:
 * Level 12.2 Fighting
 + Level 11.5 Dodging
 + Level 11.5 Stealth
 * Level 12.2 Unarmed Combat


You had 9 spell levels left.
You didn't know any spells.

Dungeon Overview and Level Annotations

Branches:
Dungeon (13/15)            Temple (0/1) D:7            Lair (0/6) D:9
    Orc (1/2) D:12
 Vaults: D:13-14

Altars:
Ashenzari
Cheibriados
Hepliaklqana
Kikubaaqudgha
Nemelex Xobeh
Qazlal
Ru
Sif Muna
Vehumet
Xom
Yredelemnul
The Shining One

Shops:
D:7 [   D:12 *   Orc:1 (

Portals:
Trove: D:13 (give horn of Geryon)

Annotations:
D:7 2 transporters
D:11 exclusion: orange crystal statue


Innate Abilities, Weirdness & Mutations

You cannot wear armour.
You are incapable of wielding weapons or throwing items.
Your paws allow you to move quietly. (Stealth)
You have sharp claws.
You have razor-sharp teeth.
You have supernaturally acute eyesight. (SInv)
You are carnivorous and can eat meat at any time.
You cover ground quickly.
You are covered in thick fur. (AC +2)
You have a slow metabolism.
Your sharp claws are effective at attacking unaware monsters.
You tend to lose your temper in combat.
You are frail. (-10% HP)
Your magical capacity is low. (-10% MP)
You occasionally shout uncontrollably at your foes.
You are occasionally teleported next to monsters.
Your spells are a little harder to cast, but a little more powerful.


Message History

The orc wizard closely misses you. The orc completely misses you.
The orc warrior completely misses you. The orc wizard completely misses you.
The orc warrior completely misses you.
You claw the orc wizard!
You kill the orc wizard!
Trog accepts your kill.
Trog appreciates your killing of a magic user.
The orc closely misses you. The orc completely misses you.
The orc warrior misses you.
The orc warrior hits you with a war axe!
* * * LOW HITPOINT WARNING * * *
You barely miss the orc warrior.
Your skin stops crawling.
You feel less resistant to hostile enchantments.
The orc closely misses you. The orc completely misses you.
The orc warrior completely misses you. x2
You claw the orc warrior!
The orc warrior is heavily wounded.
The orc misses you. The orc hits you with a flail!
You die...

.........o......
.............##...
...#..............
#..............#
.#...............
........<>........
.....#......o..##.
........[)oo......
.#.......o@o...#
##......)().##...
........))†......
...##$......##...
..#...#....#...>.
##...............
##.#.∩.#.......#
#..............
##..#..........


You could see 2 orc warriors, an orc wizard (invisible) and 2 orcs.

Vanquished Creatures
  A hydra (D:11)
  2 two-headed ogres (D:9)
  A centaur warrior (D:12)
  A skeletal warrior (D:13)
  The ghost of Piramida the Bludgeoner, a novice MiBe of Trog (D:7)
  An unseen horror (D:11)
  Pikel (D:7)
  2 ugly things
  2 cyclopes
  Maurice (D:9)
  3 gargoyles
  A tengu conjurer (D:10)
  A hornet (shapeshifter) (D:13)
  Prince Ribbit (D:7)
  6 slime creatures (D:11)
  6 hippogriffs
  A vampire (D:11)
  2 wraiths (D:13)
  4 hogs (D:7)
  10 yaks
  A basilisk (D:11)
  A human (D:7)
  A steam dragon (D:7)
  2 vampire mosquitoes (D:12)
  The ghost of Andry07 the Skirmisher, an amateur GrFi (D:4)
  Menkaure (D:7)
  An acid dragon (D:11)
  2 porcupines (D:9)
  The ghost of Linguinho the Sneak, an amateur SpAs (D:3)
  4 orc warriors
  A sky beast (D:9)
  A hornet zombie (D:11)
  A black bear (D:10)
  3 phantoms
  2 ice beasts
  An eye of draining (D:9)
  4 ogres
  8 centaurs
  3 big kobolds
  8 bullfrogs
  5 killer bees (D:7)
  5 scorpions
  A water moccasin skeleton (D:8)
  8 wights
  A howler monkey (D:7)
  3 bullfrog zombies
  7 hounds
  4 jellies
  4 crimson imps
  2 bullfrog skeletons (D:11)
  7 orc priests
  14 orc wizards
  2 centaur skeletons
  3 iguanas
  8 worker ants
  2 hound skeletons (D:9)
  3 gnolls (D:3)
  17 adders
  A howler monkey skeleton (D:4)
  6 shadow imps
  An ooze (D:1)
  An adder skeleton (D:7)
  5 worms
  3 dart slugs
  4 leopard geckos
  44 orcs
  A ball python (D:6)
  6 giant cockroaches
  4 goblins
  10 hobgoblins
  7 jackals
  17 kobolds
  8 quokkas
  7 bats
  6 frilled lizards
  A jackal skeleton (D:5)
  6 rats
329 creatures vanquished.

Vanquished Creatures (collateral kills)
  An ogre (Orc:1)
  An orc (Orc:1)
2 creatures vanquished.

Vanquished Creatures (others)
  3 slaves (D:7)
  A plant (D:7)
4 creatures vanquished.

Grand Total: 335 creatures vanquished

Notes
Turn   | Place    | Note
-------+----------+-------------------------------------------
     0 | D:1      | NullDivider the Felid Berserker began the quest for the Orb.
     0 | D:1      | Reached XP level 1. HP: 10/10 MP: 2/2
   181 | D:1      | Reached skill level 1 in Stealth
   210 | D:1      | Reached XP level 2. HP: 14/14 MP: 3/3
   907 | D:2      | Found a shimmering altar of Xom.
   916 | D:2      | Reached XP level 3. HP: 16/17 MP: 4/4
   939 | D:2      | Found a hazy altar of Hepliaklqana.
  1681 | D:3      | Reached ** piety under Trog
  2119 | D:3      | Found a basalt altar of Yredelemnul.
  2159 | D:3      | Reached XP level 4. HP: 21/21 MP: 5/5
  2424 | D:3      | Noticed Linguinho's ghost (amateur SpAs)
  2441 | D:3      | Killed Linguinho's ghost
  2441 | D:3      | Reached XP level 5. HP: 13/25 MP: 6/6
  3470 | D:4      | Noticed Andry07's ghost (amateur GrFi)
  3574 | D:4      | Reached skill level 5 in Dodging
  3574 | D:4      | Gained mutation: You are covered in thick fur. (AC +2) [Felid growth]
  3574 | D:4      | Reached XP level 6. HP: 28/28 MP: 7/7
  3579 | D:4      | Reached skill level 5 in Unarmed Combat
  3767 | D:4      | Found a snail-covered altar of Cheibriados.
  3767 | D:4      | Found a glowing golden altar of the Shining One.
  3989 | D:4      | Reached *** piety under Trog
  3995 | D:4      | Reached skill level 5 in Fighting
  3997 | D:4      | Reached XP level 7. HP: 33/33 MP: 8/8
  4408 | D:4      | Killed Andry07's ghost
  4600 | D:4      | Gained mutation: You are weak. (Str -2) [potion of mutation]
  4600 | D:4      | Gained mutation: Your body sometimes deteriorates upon taking damage. [potion of mutation]
  4600 | D:4      | Gained mutation: Your spells are a little harder to cast, but a little more powerful. [potion of mutation]
  4611 | D:4      | Lost mutation: You are weak. (Str -2) [potion of mutation]
  4611 | D:4      | Lost mutation: Your spells are a little harder to cast, but a little more powerful. [potion of mutation]
  4611 | D:4      | Gained mutation: Your magical capacity is low. (-10% MP) [potion of mutation]
  4611 | D:4      | Gained mutation: You are partially covered in yellow scales. (AC +2) [potion of mutation]
  4612 | D:4      | Lost mutation: You are partially covered in yellow scales. (AC +2) [potion of mutation]
  4612 | D:4      | Lost mutation: Your magical capacity is low. (-10% MP) [potion of mutation]
  4612 | D:4      | Lost mutation: Your body sometimes deteriorates upon taking damage. [potion of mutation]
  4612 | D:4      | Gained mutation: You can translocate small distances at will. [potion of mutation]
  4612 | D:4      | Gained mutation: You are frail. (-10% HP) [potion of mutation]
  4612 | D:4      | Gained mutation: Your flesh is heat resistant. (rF+) [potion of mutation]
  4613 | D:4      | Lost mutation: You can translocate small distances at will. [potion of mutation]
  4613 | D:4      | Lost mutation: Your flesh is heat resistant. (rF+) [potion of mutation]
  4613 | D:4      | Gained mutation: You are occasionally teleported next to monsters. [potion of mutation]
  4613 | D:4      | Gained mutation: You tend to lose your temper in combat. [potion of mutation]
  4613 | D:4      | Gained mutation: Your spells are a little harder to cast, but a little more powerful. [potion of mutation]
  4669 | D:5      | Entered Level 5 of the Dungeon
  4798 | D:5      | Found a stormy altar of Qazlal.
  6095 | D:6      | Reached skill level 5 in Stealth
  6095 | D:6      | Reached XP level 8. HP: 34/34 MP: 9/9
  6226 | D:6      | Reached **** piety under Trog
  7403 | D:7      | Noticed a kobold demonologist
  7413 | D:7      | Found Tamethoj's Antique Armour Emporium.
  7420 | D:7      | Found a transporter.
  7524 | D:7      | Found a transporter.
  7742 | D:7      | Noticed Pikel
  7758 | D:7      | Killed Pikel
  7758 | D:7      | Reached XP level 9. HP: 39/39 MP: 8/10
  7791 | D:7      | Noticed Piramida's ghost (novice MiBe)
  7826 | D:7      | Killed Piramida's ghost
  7838 | D:7      | Slain by a hog
  7839 | D:7      | Reached XP level 8. HP: -1/36 MP: 0/9
  7841 | D:7      | Noticed Menkaure
  7848 | D:7      | Killed Menkaure
  8369 | D:7      | Found a staircase to the Ecumenical Temple.
  8381 | D:7      | Reached XP level 9. HP: 11/40 MP: 1/10
  8994 | D:7      | Noticed Prince Ribbit
  9008 | D:7      | Killed Prince Ribbit
  9333 | D:8      | Found a shattered altar of Ashenzari.
  9373 | D:8      | Noticed a brown ugly thing
  9827 | D:8      | Killed a brown ugly thing
  9931 | D:8      | Found a sparkling altar of Nemelex Xobeh.
  9987 | D:8      | Gained mutation: Your magical capacity is low. (-10% MP) [mutagenic meat]
  9991 | D:8      | Gained mutation: You occasionally shout uncontrollably at your foes. [mutagenic meat]
 10377 | D:8      | Found a sacrificial altar of Ru.
 10728 | D:9      | Noticed a two-headed ogre
 10740 | D:9      | Killed a two-headed ogre
 10740 | D:9      | Reached XP level 10. HP: 12/45 MP: 1/10
 10871 | D:9      | Noticed Maurice
 10872 | D:9      | Killed Maurice
 10902 | D:9      | Reached skill level 10 in Fighting
 10902 | D:9      | Reached skill level 10 in Unarmed Combat
 11203 | D:9      | Noticed a two-headed ogre
 11210 | D:9      | Killed a two-headed ogre
 11232 | D:9      | Found a staircase to the Lair.
 11539 | D:9      | Found a radiant altar of Vehumet.
 11543 | D:9      | Found an ancient bone altar of Kikubaaqudgha.
 11544 | D:9      | Found a deep blue altar of Sif Muna.
 11587 | D:9      | Found a shattered altar of Ashenzari.
 11875 | D:9      | Upgraded the game from 0.20.1-1-g8b1a95d to 0.20.1-1-g8b1a95d66d
 11920 | D:10     | Entered Level 10 of the Dungeon
 11936 | D:10     | Reached skill level 10 in Dodging
 11945 | D:10     | Noticed a gargoyle
 11959 | D:10     | Killed a gargoyle
 12389 | D:10     | Reached XP level 11. HP: 49/49 MP: 10/10
 12584 | D:10     | Reached ***** piety under Trog
 12870 | D:10     | Reached skill level 10 in Stealth
 13134 | D:10     | You fall through a shaft for 2 floors!
 14309 | D:11     | Noticed an orange crystal statue
 14320 | D:11     | Found a stormy altar of Qazlal.
 14441 | D:11     | Annihilated by a titanic slime creature
 14442 | D:11     | Reached XP level 10. HP: -34/46 MP: 0/10
 14595 | D:11     | Noticed a gargoyle
 14597 | D:11     | Killed a gargoyle
 14689 | D:11     | HP: 2/69 [slime creature (14)]
 14980 | D:11     | Noticed an unseen horror
 14994 | D:11     | Killed an unseen horror
 15281 | D:11     | Reached XP level 11. HP: 46/50 MP: 10/10
 15321 | D:11     | Noticed an eight-headed hydra
 15328 | D:11     | Killed an eight-headed hydra
 16314 | D:12     | Noticed a centaur warrior
 16316 | D:12     | Found Ycush's General Store.
 16327 | D:12     | Killed a centaur warrior
 16348 | D:12     | Bought a scroll of noise for 13 gold pieces
 16348 | D:12     | Bought a scroll of enchant armour for 97 gold pieces
 16348 | D:12     | Bought 2 potions of agility for 104 gold pieces
 16348 | D:12     | Bought a potion of heal wounds for 65 gold pieces
 16377 | D:12     | Found a staircase to the Orcish Mines.
 16675 | D:13     | Noticed a white ugly thing
 16680 | D:13     | Found a portal to a secret trove of treasure.
 16682 | D:13     | Killed a white ugly thing
 16686 | D:13     | Noticed a shock serpent
 16686 | D:13     | an eye of devastation changed into a shock serpent
 16688 | D:13     | Noticed a skeletal warrior
 16689 | D:13     | Noticed a death knight
 16706 | D:13     | Noticed a phantasmal warrior
 16712 | D:13     | Killed a skeletal warrior
 16713 | D:13     | Noticed a shock serpent
 16720 | D:13     | HP: 2/51 [death knight/enchanted morningstar (23)]
 16722 | D:13     | Annihilated by a phantasmal warrior
 16723 | D:13     | Reached XP level 10. HP: -27/47 MP: 0/10
 16945 | Orc:1    | Entered Level 1 of the Orcish Mines
 16955 | Orc:1    | Found Boudgh's Antique Weapon Shoppe.
 16978 | Orc:1    | HP: 2/47 [orc warrior/hand axe (15)]
 16985 | Orc:1    | Mangled by an orc

Skill      XL: |  1  2  3  4  5  6  7  8  9 10 11 |
---------------+----------------------------------+-----
Stealth        | 1 2 3 4 5 6 8 9 11 | 11.5
Unarmed Combat | 4 5 6 7 9 10 12 | 12.2
Fighting       | 4 5 6 7 9 10 12 | 12.2
Dodging        | 5 6 7 9 10 11 | 11.5

Action                   |  1- 3 |  4- 6 |  7- 9 | 10-12 || total
-------------------------+-------+-------+-------+-------++-------
Melee: Unarmed           |   112 |    97 |   428 |   467 ||  1104
       Bite              |     8 |     6 |    49 |    80 ||   143
       Punch             |     2 |     2 |    18 |    40 ||    62
Invok: Berserk           |       |     4 |     9 |    11 ||    24
       Trog's Hand       |       |     1 |     6 |     7 ||    14
       Burn Spellbooks   |       |       |       |     4 ||     4
       Brothers in Arms  |       |       |       |     1 ||     1
  Use: Scroll            |       |       |     6 |     6 ||    12
       Potion            |       |       |     5 |     3 ||     8
 Stab: Sleeping          |     8 |     5 |    14 |    16 ||    43
       Distracted        |       |       |     4 |     2 ||     6
  Eat: Chunk             |     6 |     9 |    23 |    31 ||    69
       Meat ration       |       |       |     1 |     1 ||     2
Armor: Skin              |     7 |     1 |     9 |     6 ||    23
Dodge: Dodged            |    74 |    53 |   323 |   449 ||   899
